Eagles vs Penguins
(R1)
Created - November 5, 2023 at 21:38
Goals
|
Eagles |
3 |
0 |
3 |
6 |
Penguins |
0 |
1 |
2 |
3 |
|
Shots
|
Eagles |
17 |
4 |
9 |
30 |
Penguins |
11 |
8 |
5 |
24 |
|
1st period
1. Eagles , Michael Carcone 1 (Zach Aston-Reese 4, Anthony Duclair 5) at 1:03 (PP)
2. Eagles , Gabriel Vilardi 2 (Jack Dougherty 2, Drake Caggiula 6) at 2:01
3. Eagles , Anthony Duclair 3 (Joseph Blandisi 3) at 10:45
Penalties :
Jeff Malott (Wil) for Interference (Minor) at 0:49, Chris Calhan (Col) for Slashing (Minor) at 19:00
2nd period
4. Penguins , Mathew Barzal 6 (Iven Barbashev 7, Evan Rodrigues 6) at 8:33 (PP)
Penalties :
Gavin Bayreuther (Wil) for Holding (Minor) at 5:00, Jonathan Racine (Col) for High sticking (Minor) at 8:27, Sampo Ranta (Wil) for Roughing (Minor) at 11:36, Gavin Bayreuther (Wil) for Tripping (Minor) at 15:31
3rd period
5. Penguins , Brett Kulak 3 (Gavin Bayreuther 9, Max Gortz 3) at 2:32 (PP)
6. Eagles , Anthony Duclair 4 (Zach Aston-Reese 5) at 8:14 (PP)
7. Eagles , Michael Dal Colle 2 (Chris Calhan 2, Keaton Middleton 2) at 10:56
8. Eagles , Drake Caggiula 4 (Gabriel Vilardi 5, Ryan Murphy 3) at 11:52
9. Penguins , Eetu Luostarinen 3 (Adam Brooks 3, John Marino 1) at 16:18
Penalties :
Jonathan Racine (Col) for Tripping (Minor) at 2:29, Mattias Samuelsson (Col) for Interference (Minor) at 4:29, Brett Kulak (Wil) for Roughing (Minor) at 8:08, Gavin Bayreuther (Wil) for Goalie Interference (Minor) at 8:36, Zach Aston-Reese (Col) for Tripping (Minor) at 8:42, Mathew Barzal (Wil) for Hooking (Minor) at 12:03, Sampo Ranta (Wil) for High sticking (Minor) at 14:33, Jack Dougherty (Col) for Tripping (Minor) at 15:16, Zach Aston-Reese (Col) for Hooking (Minor) at 19:37
Goalie Stats
Adin Hill (Col), 21 saves from 24 shots - (0.875), W, 2-6-2, 60:00 minutes
Jeremy Swayman (Wil), 24 saves from 30 shots - (0.800), L, 4-2-0, 60:00 minutes
Players Stats for Eagles
Player Name G A P +/- PIM S H SB GA TA FO MP PP MP PK MP
------------------------------------------------------------------------------------
Anthony Duclair 2 1 3 1 0 6 3 0 3 0 1/1 22:15 4:12 3:24
Chris Calhan 0 1 1 1 2 2 0 0 0 1 0/0 10:57 0:00 0:00
Drake Caggiula 1 1 2 1 0 4 1 1 0 0 16/29 20:32 4:27 3:09
Gabriel Vilardi 1 1 2 2 0 1 1 1 0 0 0/0 12:21 0:49 0:45
Jack Dougherty 0 1 1 1 2 0 0 1 0 1 0/0 21:56 3:39 1:18
Jared McCann 0 0 0 1 0 1 0 0 0 2 2/10 16:18 0:00 1:27
Jonathan Racine 0 0 0 0 4 2 1 0 0 0 0/0 19:57 0:00 3:33
Joseph Blandisi 0 1 1 0 0 0 1 0 2 1 0/1 20:26 4:04 0:37
Keaton Middleton 0 1 1 2 0 0 1 2 0 3 0/0 23:40 5:25 1:51
Mark Friedman 0 0 0 2 0 0 1 3 0 0 0/0 16:00 3:40 0:00
Matteson Iacopelli 0 0 0 0 0 2 0 0 0 0 0/0 11:37 4:27 0:00
Mattias Samuelsson 0 0 0 2 2 0 1 2 0 0 0/0 12:17 0:00 0:00
Michael Carcone 1 0 1 2 0 3 3 0 1 0 0/0 15:19 4:38 0:00
Michael Dal Colle 1 0 1 1 0 2 0 0 0 0 0/0 9:56 0:00 0:00
Ryan Murphy 0 1 1 -1 0 3 1 2 3 0 0/0 26:12 5:25 3:54
Sam Steel 0 0 0 0 0 1 0 0 0 0 1/5 8:07 0:00 0:00
Tyler Motte 0 0 0 0 0 1 2 0 1 0 0/0 9:29 0:00 1:14
Zach Aston-Reese 0 2 2 1 4 2 1 0 1 1 5/8 14:07 4:37 0:00
Players Stats for Penguins
Player Name G A P +/- PIM S H SB GA TA FO MP PP MP PK MP
------------------------------------------------------------------------------------
Adam Brooks 0 1 1 0 0 0 4 0 0 1 3/4 13:02 2:17 2:49
Brett Kulak 1 0 1 -2 2 1 2 1 0 2 0/0 29:33 3:55 5:17
Dakota Mermis 0 0 0 1 0 2 0 1 1 0 0/0 18:41 1:23 3:38
Denis Malgin 0 0 0 -1 0 1 0 0 1 0 1/1 9:46 0:00 0:00
Eetu Luostarinen 1 0 1 -1 0 1 1 2 0 0 0/0 17:55 2:17 4:01
Evan Rodrigues 0 1 1 0 0 6 1 0 1 2 16/34 24:04 3:00 4:28
Gavin Bayreuther 0 1 1 -2 6 3 1 1 2 0 0/0 26:01 3:50 2:52
Iven Barbashev 0 1 1 0 0 5 3 0 0 2 0/1 23:51 2:57 4:24
Jeff Malott 0 0 0 -1 2 0 0 0 0 0 0/0 10:40 0:03 0:37
Jesper Boqvist 0 0 0 -2 0 0 1 1 0 0 0/1 10:52 0:00 0:00
John Marino 0 1 1 1 0 0 0 1 1 2 0/0 20:06 1:23 4:38
Mathew Barzal 1 0 1 0 2 1 0 1 1 0 0/1 17:22 2:56 0:00
Matthew Finn 0 0 0 -2 0 2 2 1 0 0 0/0 13:45 0:06 1:22
Max Gortz 0 1 1 -1 0 1 0 0 0 1 1/1 12:46 2:18 0:00
Noah Dobson 0 0 0 -2 0 0 0 1 0 0 0/0 12:00 0:00 0:23
Philipp Kurashev 0 0 0 -2 0 1 0 0 2 0 8/11 12:56 0:00 1:51
Sam Kurker 0 0 0 -1 0 0 0 0 0 1 0/0 7:23 0:01 0:00
Sampo Ranta 0 0 0 -1 4 0 0 0 0 0 0/0 6:55 0:04 0:00
3 Stars
1 - Anthony Duclair (Col)
2 - Gabriel Vilardi (Col)
3 - Drake Caggiula (Col)
Power Play
Eagles - 2 on 8 Attempt(s) - 25.00%
Penguins - 2 on 7 Attempt(s) - 28.57%
Penalty Kill
Eagles - 5 on 7 Attempt(s) - 71.43%
- Score 0 goal in Penalty Kill
Penguins - 6 on 8 Attempt(s) - 75.00%
- Score 0 goal in Penalty Kill
Team Stat
Eagles - Hits : 17 - Faceoff Wins : 25 - Blocked Shots : 12 - Penalty Minutes : 14
Penguins - Hits : 15 - Faceoff Wins : 29 - Blocked Shots : 10 - Penalty Minutes : 16
Official
Referees : Brandon Schrader and Corey Syvret
Linesman : Steve Barton and Derek Nansen
Game Notes
No Game Note
Finance
Level 1 -- Attendance: 1847 (92.35%) -- Ticket Income $129,290
Level 2 -- Attendance: 896 (89.60%) -- Ticket Income $35,840
Total Attendance: 2743 (91.43%)
Total Ticket Income: $165,130
Other Income: $8,256
Total Income: $173,386
Eagles
5 vs 5 Forward
Center Left Wing Right Wing Time % Phy DF OF
1 Jared McCann Joseph Blandisi Anthony Duclair 36 1 1 3
2 Drake Caggiula Michael Carcone Gabriel Vilardi 31 0 2 3
3 Zach Aston-Reese Michael Dal Colle Chris Calhan 20 1 2 2
4 Sam Steel Tyler Motte Matteson Iacopelli 13 1 2 2
5 vs 5 Defense
Defense Defense Time % Phy DF OF
1 Jonathan Racine Ryan Murphy 38 1 2 2
2 Keaton Middleton Jack Dougherty 37 1 2 2
3 Mattias Samuelsson Mark Friedman 16 1 3 1
4 Ryan Murphy Jack Dougherty 9 1 2 2
PowerPlay Forward
Center Left Wing Right Wing Time % Phy DF OF
1 Zach Aston-Reese Michael Carcone Anthony Duclair 50 1 1 3
2 Drake Caggiula Joseph Blandisi Matteson Iacopelli 50 1 1 3
PowerPlay Defense
Defense Defense Time % Phy DF OF
1 Ryan Murphy Keaton Middleton 60 0 2 3
2 Jack Dougherty Mark Friedman 40 0 2 3
Penalty Kill 4 Players Forward
Center Wing Time % Phy DF OF
1 Drake Caggiula Anthony Duclair 60 1 3 1
2 Jared McCann Tyler Motte 40 1 3 1
Penalty Kill 4 Players Defense
Defense Defense Time % Phy DF OF
1 Ryan Murphy Jonathan Racine 55 1 3 1
2 Jack Dougherty Keaton Middleton 45 1 3 1
Penalty Kill - 3 Players Forward
Forward Time % Phy DF OF
1 Jared McCann 60 1 4 0
2 Tyler Motte 40 1 4 0
Penalty Kill - 3 Players Defense
Defense Defense Time % Phy DF OF
1 Ryan Murphy Jack Dougherty 60 1 4 0
2 Jonathan Racine Keaton Middleton 40 1 4 0
4 vs 4 Forward
Center Wing Time % Phy DF OF
1 Drake Caggiula Joseph Blandisi 55 1 2 2
2 Jared McCann Anthony Duclair 45 1 2 2
4 vs 4 Defense
Defense Defense Time % Phy DF OF
1 Ryan Murphy Jack Dougherty 50 1 2 2
2 Jonathan Racine Keaton Middleton 50 1 2 2
Last Minutes Offensive
Center Left Wing Right Wing Defense Defense
Zach Aston-Reese Michael Carcone Anthony Duclair Ryan Murphy Jack Dougherty
Last Minutes Defensive
Center Left Wing Right Wing Defense Defense
Jared McCann Tyler Motte Anthony Duclair Ryan Murphy Jack Dougherty
Goaltenders
Starting : Adin Hill
Backup : Daniel Altshuller
Extra Forwards
Normal : Drake Caggiula, Joseph Blandisi, Anthony Duclair - PP : Gabriel Vilardi, Matteson Iacopelli - PK : Gabriel Vilardi
Extra Defensemen
Normal : Keaton Middleton, Jonathan Racine, Ryan Murphy - PP : Keaton Middleton - PK : Keaton Middleton, Mark Friedman
Penalty Shots
Anthony Duclair, Gabriel Vilardi, Jared McCann, Zach Aston-Reese, Michael Dal Colle
Custom OT Lines Forwards
Anthony Duclair, Joseph Blandisi, Drake Caggiula, Jared McCann, Zach Aston-Reese, Tyler Motte, Michael Carcone, Sam Steel, Matteson Iacopelli, Gabriel Vilardi
Custom OT Lines Defensemen
Ryan Murphy, Jack Dougherty, Jonathan Racine, Keaton Middleton, Mattias Samuelsson
Scratches
Connor Carrick (Torn Left ACL Injury), Dominik Kubalik (Healthy), Kevin Bahl (Healthy), Tyler Tucker (Healthy), Xavier Ouellet (Healthy)
Alexander Nylander (Healthy), Pius Suter (Healthy), Max Lajoie (Healthy), Pascal Laberge (Healthy), Marian Studenic (Healthy)
Walker Duehr (Healthy), Zachary Emond (Healthy)
Penguins
5 vs 5 Forward
Center Left Wing Right Wing Time % Phy DF OF
1 Evan Rodrigues Iven Barbashev Mathew Barzal 40 1 2 2
2 Philipp Kurashev Eetu Luostarinen Jesper Boqvist 30 1 2 2
3 Denis Malgin Jeff Malott Max Gortz 20 1 2 2
4 Adam Brooks Sampo Ranta Sam Kurker 10 1 2 2
5 vs 5 Defense
Defense Defense Time % Phy DF OF
1 Brett Kulak Gavin Bayreuther 40 1 2 2
2 Dakota Mermis John Marino 30 1 2 2
3 Matthew Finn Noah Dobson 20 1 2 2
4 Brett Kulak Gavin Bayreuther 10 1 2 2
PowerPlay Forward
Center Left Wing Right Wing Time % Phy DF OF
1 Evan Rodrigues Iven Barbashev Mathew Barzal 60 1 2 2
2 Adam Brooks Eetu Luostarinen Max Gortz 40 1 2 2
PowerPlay Defense
Defense Defense Time % Phy DF OF
1 Brett Kulak Gavin Bayreuther 60 1 2 2
2 Dakota Mermis John Marino 40 1 2 2
Penalty Kill 4 Players Forward
Center Wing Time % Phy DF OF
1 Evan Rodrigues Iven Barbashev 60 1 2 2
2 Adam Brooks Eetu Luostarinen 40 1 2 2
Penalty Kill 4 Players Defense
Defense Defense Time % Phy DF OF
1 Brett Kulak Gavin Bayreuther 60 1 2 2
2 Dakota Mermis John Marino 40 1 2 2
Penalty Kill - 3 Players Forward
Forward Time % Phy DF OF
1 Evan Rodrigues 60 1 2 2
2 Adam Brooks 40 1 2 2
Penalty Kill - 3 Players Defense
Defense Defense Time % Phy DF OF
1 Brett Kulak Gavin Bayreuther 60 1 2 2
2 Dakota Mermis John Marino 40 1 2 2
4 vs 4 Forward
Center Wing Time % Phy DF OF
1 Evan Rodrigues Iven Barbashev 60 1 2 2
2 Adam Brooks Eetu Luostarinen 40 1 2 2
4 vs 4 Defense
Defense Defense Time % Phy DF OF
1 Brett Kulak Gavin Bayreuther 60 1 2 2
2 Dakota Mermis John Marino 40 1 2 2
Last Minutes Offensive
Center Left Wing Right Wing Defense Defense
Evan Rodrigues Iven Barbashev Mathew Barzal Brett Kulak Gavin Bayreuther
Last Minutes Defensive
Center Left Wing Right Wing Defense Defense
Evan Rodrigues Iven Barbashev Mathew Barzal Brett Kulak Gavin Bayreuther
Goaltenders
Starting : Jeremy Swayman
Backup : Anthony Stolarz
Extra Forwards
Normal : Adam Brooks, Max Gortz, Sam Kurker - PP : Adam Brooks, Max Gortz - PK : Adam Brooks
Extra Defensemen
Normal : John Marino, Matthew Finn, Noah Dobson - PP : John Marino - PK : John Marino, Matthew Finn
Penalty Shots
Mathew Barzal, Iven Barbashev, Evan Rodrigues, Eetu Luostarinen, Adam Brooks
Custom OT Lines Forwards
Mathew Barzal, Iven Barbashev, Evan Rodrigues, Eetu Luostarinen, Adam Brooks, Max Gortz, Sam Kurker, Denis Malgin, Jeff Malott, Jesper Boqvist
Custom OT Lines Defensemen
Brett Kulak, Gavin Bayreuther, Dakota Mermis, John Marino, Matthew Finn
Scratches
Brett Pollock (Healthy), Josh Ho-Sang (Healthy), Juuso Ikonen (Healthy), Austin Strand (Healthy), Ryan MacInnis (Healthy)
Steven Spinner (Healthy), Shawn Boudrias (Healthy), Zachary Bouthillier (Healthy)
% Time on Ice - Eagles
Lines # - Real PCT - Wanted PCT - Time Play
Normal Forward
1 - 31% - 36% - 13:21
2 - 26% - 31% - 11:04
3 - 23% - 20% - 9:56
4 - 19% - 13% - 8:07
Normal Defense
1 - 35% - 38% - 15:01
2 - 34% - 37% - 14:29
3 - 29% - 16% - 12:13
4 - 2% - 9% - 0:45
PP Forward
1 - 51% - 50% - 4:38
2 - 49% - 50% - 4:27
PP Defense
1 - 60% - 60% - 5:25
2 - 40% - 40% - 3:40
PK Forward
1 - 77% - 60% - 4:04
2 - 23% - 40% - 1:14
PK Defense
1 - 74% - 55% - 3:54
2 - 26% - 45% - 1:24
PK3 Forward
1 - 0% - 60%
2 - 0% - 40%
PK3 Defense
1 - 0% - 60%
2 - 0% - 40%
44 Forward
1 - 68% - 55% - 2:09
2 - 32% - 45% - 1:00
44 Defense
1 - 59% - 50% - 1:52
2 - 41% - 50% - 1:17
Last Minute Offensive - 0:00
Last Minute Defensive - 0:00
Total
Forward - 60:00
Defense - 60:00
|
% Time on Ice - Penguins
Lines # - Real PCT - Wanted PCT - Time Play
Normal Forward
1 - 34% - 40% - 14:36
2 - 27% - 30% - 11:25
3 - 23% - 20% - 9:46
4 - 16% - 10% - 6:41
Normal Defense
1 - 39% - 40% - 16:34
2 - 30% - 30% - 12:32
3 - 27% - 20% - 11:28
4 - 4% - 10% - 1:54
PP Forward
1 - 57% - 60% - 3:01
2 - 43% - 40% - 2:17
PP Defense
1 - 74% - 60% - 3:55
2 - 26% - 40% - 1:23
PK Forward
1 - 79% - 60% - 7:12
2 - 21% - 40% - 1:53
PK Defense
1 - 62% - 60% - 5:36
2 - 38% - 40% - 3:29
PK3 Forward
1 - 0% - 60%
2 - 0% - 40%
PK3 Defense
1 - 0% - 60%
2 - 0% - 40%
44 Forward
1 - 81% - 60% - 2:34
2 - 19% - 40% - 0:35
44 Defense
1 - 64% - 60% - 2:01
2 - 36% - 40% - 1:08
Last Minute Offensive - 0:00
Last Minute Defensive - 0:00
Total
Forward - 60:00
Defense - 60:00
|
Play-by-Play
1st period
0:01 of 1st period - Jared McCann wins face-off versus Evan Rodrigues in neutral zone.
0:06 of 1st period - Wrist shot by Anthony Duclair.
0:06 of 1st period - Stopped by Jeremy Swayman with a rebound.
0:08 of 1st period - Snap shot by Jared McCann.
0:08 of 1st period - Shot Misses the Net.
0:10 of 1st period - Slapshot by Jared McCann.
0:10 of 1st period - Deflect By Joseph Blandisi.
0:10 of 1st period - Shot Misses the Net.
0:10 of 1st period - Puck is out of play.
0:11 of 1st period - Philipp Kurashev wins face-off versus Drake Caggiula in Penguins zone.
0:36 of 1st period - Dakota Mermis is hit by Zach Aston-Reese and loses puck.
0:47 of 1st period - Wrist shot by Zach Aston-Reese.
0:47 of 1st period - Shot Misses the Net.
0:49 of 1st period - Minor Penalty to Jeff Malott for Interference.
0:50 of 1st period - Zach Aston-Reese wins face-off versus Evan Rodrigues in Penguins zone.
1:01 of 1st period - Wrist shot by Zach Aston-Reese.
1:01 of 1st period - Shot Misses the Net.
1:03 of 1st period - Wrist shot by Michael Carcone.
1:03 of 1st period - Goal by Michael Carcone - Eagles : 1 - Penguins : 0.
1:04 of 1st period - Evan Rodrigues wins face-off versus Jared McCann in neutral zone.
1:17 of 1st period - Wrist shot by Joseph Blandisi.
1:17 of 1st period - Shot Misses the Net.
1:39 of 1st period - Wrist shot by Sam Steel.
1:39 of 1st period - Stopped by Jeremy Swayman with a rebound.
1:41 of 1st period - Slapshot by Ryan Murphy.
1:41 of 1st period - Deflect By Gavin Bayreuther.
1:41 of 1st period - Stopped by Jeremy Swayman without a rebound.
1:42 of 1st period - Philipp Kurashev wins face-off versus Drake Caggiula in Penguins zone.
1:51 of 1st period - Snap shot by Michael Carcone.
1:51 of 1st period - Stopped by Jeremy Swayman without a rebound.
1:52 of 1st period - Drake Caggiula wins face-off versus Philipp Kurashev in Penguins zone.
1:57 of 1st period - Slapshot by Drake Caggiula.
1:57 of 1st period - Stopped by Jeremy Swayman with a rebound.
1:59 of 1st period - Slapshot by Jack Dougherty.
1:59 of 1st period - Shot Blocked by Noah Dobson.
2:01 of 1st period - Wrist shot by Gabriel Vilardi.
2:01 of 1st period - Goal by Gabriel Vilardi - Eagles : 2 - Penguins : 0.
2:02 of 1st period - Evan Rodrigues wins face-off versus Jared McCann in neutral zone.
2:05 of 1st period - Ryan Murphy is hit by Iven Barbashev.
2:55 of 1st period - Slapshot by Gavin Bayreuther.
2:55 of 1st period - Shot Misses the Net.
4:20 of 1st period - Snap shot by Michael Dal Colle.
4:20 of 1st period - Stopped by Jeremy Swayman with a rebound.
4:22 of 1st period - Slapshot by Jack Dougherty.
4:22 of 1st period - Shot Blocked by Eetu Luostarinen.
4:24 of 1st period - Slapshot by Jack Dougherty.
4:24 of 1st period - Shot Misses the Net.
4:26 of 1st period - Wrist shot by Chris Calhan.
4:26 of 1st period - Stopped by Jeremy Swayman with a rebound.
4:38 of 1st period - Snap shot by Mathew Barzal.
4:38 of 1st period - Shot Misses the Net.
4:40 of 1st period - Slapshot by Iven Barbashev.
4:40 of 1st period - Shot Misses the Net.
4:42 of 1st period - Slapshot by Matthew Finn.
4:42 of 1st period - Stopped by Adin Hill with a rebound.
4:56 of 1st period - Dakota Mermis is hit by Jonathan Racine and loses puck.
5:24 of 1st period - Dakota Mermis is hit by Mark Friedman and loses puck.
5:46 of 1st period - Evan Rodrigues is hit by Michael Carcone and loses puck.
6:38 of 1st period - Brett Kulak is hit by Mattias Samuelsson and loses puck.
6:49 of 1st period - Brett Kulak is hit by Tyler Motte and loses puck.
7:28 of 1st period - Icing by Iven Barbashev.
7:29 of 1st period - Zach Aston-Reese wins face-off versus Jesper Boqvist in Penguins zone.
7:34 of 1st period - Snap shot by Zach Aston-Reese.
7:34 of 1st period - Shot Misses the Net.
7:51 of 1st period - Icing by Jesper Boqvist.
7:52 of 1st period - Philipp Kurashev wins face-off versus Jared McCann in Penguins zone.
7:57 of 1st period - Snap shot by Evan Rodrigues.
7:57 of 1st period - Stopped by Adin Hill without a rebound.
7:58 of 1st period - Evan Rodrigues wins face-off versus Jared McCann in Eagles zone.
7:59 of 1st period - Slapshot by Mathew Barzal.
7:59 of 1st period - Shot Misses the Net.
8:13 of 1st period - Wrist shot by Iven Barbashev.
8:13 of 1st period - Stopped by Adin Hill without a rebound.
8:14 of 1st period - Philipp Kurashev wins face-off versus Drake Caggiula in Eagles zone.
8:45 of 1st period - Slapshot by Anthony Duclair.
8:45 of 1st period - Stopped by Jeremy Swayman with a rebound.
9:43 of 1st period - Snap shot by Jesper Boqvist.
9:43 of 1st period - Shot Blocked by Gabriel Vilardi.
10:09 of 1st period - Snap shot by Evan Rodrigues.
10:09 of 1st period - Stopped by Adin Hill with a rebound.
10:11 of 1st period - Wrist shot by Evan Rodrigues.
10:11 of 1st period - Shot Blocked by Mark Friedman.
10:31 of 1st period - Slapshot by Jeff Malott.
10:31 of 1st period - Shot Misses the Net.
10:45 of 1st period - Wrist shot by Anthony Duclair.
10:45 of 1st period - Goal by Anthony Duclair - Eagles : 3 - Penguins : 0.
10:46 of 1st period - Evan Rodrigues wins face-off versus Drake Caggiula in neutral zone.
11:19 of 1st period - Slapshot by Gavin Bayreuther.
11:19 of 1st period - Shot Blocked by Ryan Murphy.
12:20 of 1st period - Icing by Mattias Samuelsson.
12:21 of 1st period - Drake Caggiula wins face-off versus Evan Rodrigues in Eagles zone.
12:21 of 1st period - Drake Caggiula is hit by Iven Barbashev.
12:31 of 1st period - Snap shot by Mathew Barzal.
12:31 of 1st period - Shot Misses the Net.
13:08 of 1st period - Wrist shot by Max Gortz.
13:08 of 1st period - Stopped by Adin Hill with a rebound.
13:33 of 1st period - Slapshot by Drake Caggiula.
13:33 of 1st period - Shot Blocked by Matthew Finn.
13:35 of 1st period - Slapshot by Jonathan Racine.
13:35 of 1st period - Stopped by Jeremy Swayman with a rebound.
13:37 of 1st period - Snap shot by Jonathan Racine.
13:37 of 1st period - Deflect By Denis Malgin.
13:37 of 1st period - Stopped by Jeremy Swayman without a rebound.
13:38 of 1st period - Evan Rodrigues wins face-off versus Jared McCann in Penguins zone.
13:47 of 1st period - Wrist shot by Mathew Barzal.
13:47 of 1st period - Shot Misses the Net.
14:12 of 1st period - Slapshot by Drake Caggiula.
14:12 of 1st period - Stopped by Jeremy Swayman without a rebound.
14:13 of 1st period - Zach Aston-Reese wins face-off versus Philipp Kurashev in Penguins zone.
15:41 of 1st period - Zach Aston-Reese is hit by Jesper Boqvist and loses puck.
16:02 of 1st period - Snap shot by Anthony Duclair.
16:02 of 1st period - Stopped by Jeremy Swayman with a rebound.
16:05 of 1st period - Icing by Gavin Bayreuther.
16:06 of 1st period - Jared McCann wins face-off versus Evan Rodrigues in Penguins zone.
16:27 of 1st period - Wrist shot by Evan Rodrigues.
16:27 of 1st period - Stopped by Adin Hill without a rebound.
16:28 of 1st period - Philipp Kurashev wins face-off versus Drake Caggiula in Eagles zone.
16:31 of 1st period - Backhand shot by Philipp Kurashev.
16:31 of 1st period - Stopped by Adin Hill with a rebound.
16:41 of 1st period - Snap shot by Drake Caggiula.
16:41 of 1st period - Deflect By Michael Carcone.
16:41 of 1st period - Stopped by Jeremy Swayman with a rebound.
16:43 of 1st period - Slapshot by Ryan Murphy.
16:43 of 1st period - Stopped by Jeremy Swayman with a rebound.
16:53 of 1st period - Eetu Luostarinen is hit by Anthony Duclair and loses puck.
17:20 of 1st period - Wrist shot by Iven Barbashev.
17:20 of 1st period - Shot Misses the Net.
17:22 of 1st period - Wrist shot by Iven Barbashev.
17:22 of 1st period - Stopped by Adin Hill without a rebound.
17:23 of 1st period - Drake Caggiula wins face-off versus Evan Rodrigues in Eagles zone.
17:38 of 1st period - Snap shot by Evan Rodrigues.
17:38 of 1st period - Shot Misses the Net.
17:40 of 1st period - Wrist shot by Evan Rodrigues.
17:40 of 1st period - Stopped by Adin Hill with a rebound.
19:00 of 1st period - Minor Penalty to Chris Calhan for Slashing.
19:01 of 1st period - Drake Caggiula wins face-off versus Evan Rodrigues in Eagles zone.
19:06 of 1st period - Anthony Duclair is hit by Gavin Bayreuther and loses puck.
19:13 of 1st period - Wrist shot by Iven Barbashev.
19:13 of 1st period - Stopped by Adin Hill with a rebound.
19:15 of 1st period - Slapshot by Gavin Bayreuther.
19:15 of 1st period - Stopped by Adin Hill without a rebound.
19:16 of 1st period - Drake Caggiula wins face-off versus Iven Barbashev in Eagles zone.
19:41 of 1st period - Jonathan Racine is hit by Adam Brooks.
Goals for this period are 3 for Eagles vs 0 for Penguins.
Shots for this period are 17 for Eagles vs 11 for Penguins.
2nd period
0:01 of 2nd period - Drake Caggiula wins face-off versus Evan Rodrigues in neutral zone.
0:44 of 2nd period - Slapshot by Jared McCann.
0:44 of 2nd period - Shot Blocked by Gavin Bayreuther.
1:00 of 2nd period - Penalty to Chris Calhan is over, Chris Calhan is back on ice.
1:02 of 2nd period - Chris Calhan is hit by Adam Brooks and loses puck.
2:02 of 2nd period - Wrist shot by Eetu Luostarinen.
2:02 of 2nd period - Shot Misses the Net.
2:04 of 2nd period - Slapshot by Matthew Finn.
2:04 of 2nd period - Stopped by Adin Hill with a rebound.
2:18 of 2nd period - Wrist shot by Zach Aston-Reese.
2:18 of 2nd period - Stopped by Jeremy Swayman with a rebound.
2:20 of 2nd period - Snap shot by Chris Calhan.
2:20 of 2nd period - Stopped by Jeremy Swayman with a rebound.
2:22 of 2nd period - Slapshot by Zach Aston-Reese.
2:22 of 2nd period - Shot Misses the Net.
2:52 of 2nd period - Dakota Mermis is hit by Anthony Duclair and loses puck.
3:04 of 2nd period - Icing by John Marino.
3:05 of 2nd period - Philipp Kurashev wins face-off versus Sam Steel in Penguins zone.
4:24 of 2nd period - Wrist shot by Adam Brooks.
4:24 of 2nd period - Shot Misses the Net.
5:00 of 2nd period - Minor Penalty to Gavin Bayreuther for Holding.
5:01 of 2nd period - Drake Caggiula wins face-off versus Evan Rodrigues in Penguins zone.
5:50 of 2nd period - Jack Dougherty is hit by Matthew Finn and loses puck.
7:00 of 2nd period - Penalty to Gavin Bayreuther is over, Gavin Bayreuther is back on ice.
7:06 of 2nd period - Off-side.
7:07 of 2nd period - Denis Malgin wins face-off versus Sam Steel in neutral zone.
7:22 of 2nd period - Slapshot by Sam Steel.
7:22 of 2nd period - Shot Misses the Net.
7:43 of 2nd period - Mathew Barzal is hit by Michael Carcone.
8:27 of 2nd period - Minor Penalty to Jonathan Racine for High sticking.
8:28 of 2nd period - Evan Rodrigues wins face-off versus Drake Caggiula in Eagles zone.
8:33 of 2nd period - Wrist shot by Mathew Barzal.
8:33 of 2nd period - Goal by Mathew Barzal - Eagles : 3 - Penguins : 1.
8:34 of 2nd period - Evan Rodrigues wins face-off versus Jared McCann in neutral zone.
8:37 of 2nd period - Jonathan Racine is hit by Iven Barbashev.
8:41 of 2nd period - Snap shot by Gavin Bayreuther.
8:41 of 2nd period - Stopped by Adin Hill with a rebound.
8:43 of 2nd period - Snap shot by Evan Rodrigues.
8:43 of 2nd period - Deflect By Iven Barbashev.
8:43 of 2nd period - Deflect By Joseph Blandisi.
8:43 of 2nd period - Stopped by Adin Hill without a rebound.
8:44 of 2nd period - Evan Rodrigues wins face-off versus Jared McCann in Eagles zone.
10:33 of 2nd period - Jared McCann is hit by Brett Kulak and loses puck.
10:38 of 2nd period - Slapshot by Gavin Bayreuther.
10:38 of 2nd period - Deflect By Evan Rodrigues.
10:38 of 2nd period - Shot Misses the Net.
10:38 of 2nd period - Puck is out of play.
10:39 of 2nd period - Philipp Kurashev wins face-off versus Drake Caggiula in Eagles zone.
10:40 of 2nd period - Slapshot by Eetu Luostarinen.
10:40 of 2nd period - Shot Blocked by Drake Caggiula.
11:25 of 2nd period - Wrist shot by Matteson Iacopelli.
11:25 of 2nd period - Stopped by Jeremy Swayman with a rebound.
11:27 of 2nd period - Slapshot by Mattias Samuelsson.
11:27 of 2nd period - Shot Blocked by Dakota Mermis.
11:29 of 2nd period - Snap shot by Matteson Iacopelli.
11:29 of 2nd period - Stopped by Jeremy Swayman without a rebound.
11:30 of 2nd period - Adam Brooks wins face-off versus Sam Steel in Penguins zone.
11:36 of 2nd period - Minor Penalty to Sampo Ranta for Roughing.
11:37 of 2nd period - Adam Brooks wins face-off versus Drake Caggiula in Penguins zone.
12:07 of 2nd period - Slapshot by Drake Caggiula.
12:07 of 2nd period - Shot Blocked by Eetu Luostarinen.
12:44 of 2nd period - Icing by Gabriel Vilardi.
12:45 of 2nd period - Philipp Kurashev wins face-off versus Zach Aston-Reese in Eagles zone.
12:58 of 2nd period - Jeff Malott is hit by Gabriel Vilardi and loses puck.
13:36 of 2nd period - Penalty to Sampo Ranta is over, Sampo Ranta is back on ice.
13:51 of 2nd period - Slapshot by Gavin Bayreuther.
13:51 of 2nd period - Shot Blocked by Mattias Samuelsson.
13:53 of 2nd period - Slapshot by Brett Kulak.
13:53 of 2nd period - Shot Blocked by Mark Friedman.
14:01 of 2nd period - Snap shot by Denis Malgin.
14:01 of 2nd period - Stopped by Adin Hill with a rebound.
14:38 of 2nd period - Icing by Sam Kurker.
14:39 of 2nd period - Adam Brooks wins face-off versus Drake Caggiula in Penguins zone.
14:39 of 2nd period - Adam Brooks is hit by Michael Carcone.
14:45 of 2nd period - Snap shot by Evan Rodrigues.
14:45 of 2nd period - Stopped by Adin Hill without a rebound.
14:46 of 2nd period - Drake Caggiula wins face-off versus Evan Rodrigues in Eagles zone.
14:55 of 2nd period - Backhand shot by Michael Carcone.
14:55 of 2nd period - Shot Misses the Net.
15:13 of 2nd period - Philipp Kurashev is hit by Keaton Middleton.
15:31 of 2nd period - Minor Penalty to Gavin Bayreuther for Tripping.
15:32 of 2nd period - Drake Caggiula wins face-off versus Evan Rodrigues in Penguins zone.
17:31 of 2nd period - Penalty to Gavin Bayreuther is over, Gavin Bayreuther is back on ice.
17:58 of 2nd period - Sam Steel is hit by Matthew Finn and loses puck.
18:03 of 2nd period - Slapshot by Dakota Mermis.
18:03 of 2nd period - Stopped by Adin Hill with a rebound.
18:05 of 2nd period - Snap shot by Sampo Ranta.
18:05 of 2nd period - Shot Misses the Net.
18:54 of 2nd period - Snap shot by Dakota Mermis.
18:54 of 2nd period - Stopped by Adin Hill with a rebound.
19:51 of 2nd period - Snap shot by Denis Malgin.
19:51 of 2nd period - Shot Misses the Net.
Goals for this period are 0 for Eagles vs 1 for Penguins.
Shots for this period are 4 for Eagles vs 8 for Penguins.
3rd period
0:01 of 3rd period - Evan Rodrigues wins face-off versus Jared McCann in neutral zone.
0:17 of 3rd period - Slapshot by Gavin Bayreuther.
0:17 of 3rd period - Shot Blocked by Keaton Middleton.
1:08 of 3rd period - Jonathan Racine is hit by Adam Brooks and loses puck.
2:20 of 3rd period - Wrist shot by Jared McCann.
2:20 of 3rd period - Stopped by Jeremy Swayman with a rebound.
2:29 of 3rd period - Minor Penalty to Jonathan Racine for Tripping.
2:30 of 3rd period - Max Gortz wins face-off versus Drake Caggiula in Eagles zone.
2:30 of 3rd period - Slapshot by Gavin Bayreuther.
2:30 of 3rd period - Shot Misses the Net.
2:32 of 3rd period - Slapshot by Brett Kulak.
2:32 of 3rd period - Goal by Brett Kulak - Eagles : 3 - Penguins : 2.
2:33 of 3rd period - Drake Caggiula wins face-off versus Philipp Kurashev in neutral zone.
3:28 of 3rd period - Wrist shot by Jeff Malott.
3:28 of 3rd period - Shot Blocked by Keaton Middleton.
3:46 of 3rd period - Slapshot by Tyler Motte.
3:46 of 3rd period - Stopped by Jeremy Swayman without a rebound.
3:47 of 3rd period - Evan Rodrigues wins face-off versus Sam Steel in Penguins zone.
4:29 of 3rd period - Minor Penalty to Mattias Samuelsson for Interference.
4:30 of 3rd period - Drake Caggiula wins face-off versus Evan Rodrigues in Eagles zone.
4:41 of 3rd period - Snap shot by Drake Caggiula.
4:41 of 3rd period - Shot Blocked by Mathew Barzal.
5:03 of 3rd period - Dakota Mermis is hit by Anthony Duclair and loses puck.
5:24 of 3rd period - Jack Dougherty is hit by Adam Brooks and loses puck.
5:57 of 3rd period - Brett Kulak is hit by Joseph Blandisi and loses puck.
6:10 of 3rd period - Mathew Barzal is hit by Ryan Murphy and loses puck.
6:29 of 3rd period - Penalty to Mattias Samuelsson is over, Mattias Samuelsson is back on ice.
7:55 of 3rd period - Snap shot by Evan Rodrigues.
7:55 of 3rd period - Stopped by Adin Hill without a rebound.
7:56 of 3rd period - Sam Steel wins face-off versus Evan Rodrigues in Eagles zone.
7:56 of 3rd period - Sam Steel is hit by Evan Rodrigues.
8:08 of 3rd period - Minor Penalty to Brett Kulak for Roughing.
8:09 of 3rd period - Zach Aston-Reese wins face-off versus Evan Rodrigues in Penguins zone.
8:14 of 3rd period - Wrist shot by Anthony Duclair.
8:14 of 3rd period - Goal by Anthony Duclair - Eagles : 4 - Penguins : 2.
8:15 of 3rd period - Drake Caggiula wins face-off versus Evan Rodrigues in neutral zone.
8:36 of 3rd period - Minor Penalty to Gavin Bayreuther for Goalie Interference.
8:37 of 3rd period - Evan Rodrigues wins face-off versus Zach Aston-Reese in Penguins zone.
8:42 of 3rd period - Minor Penalty to Zach Aston-Reese for Tripping.
8:43 of 3rd period - Evan Rodrigues wins face-off versus Drake Caggiula in Eagles zone.
8:50 of 3rd period - Slapshot by Evan Rodrigues.
8:50 of 3rd period - Shot Misses the Net.
8:52 of 3rd period - Slapshot by John Marino.
8:52 of 3rd period - Shot Blocked by Ryan Murphy.
8:56 of 3rd period - Snap shot by Iven Barbashev.
8:56 of 3rd period - Shot Blocked by Jack Dougherty.
8:58 of 3rd period - Slapshot by Iven Barbashev.
8:58 of 3rd period - Shot Misses the Net.
9:00 of 3rd period - Snap shot by Iven Barbashev.
9:00 of 3rd period - Stopped by Adin Hill with a rebound.
9:15 of 3rd period - Jack Dougherty is hit by Brett Kulak.
9:19 of 3rd period - Snap shot by Anthony Duclair.
9:19 of 3rd period - Stopped by Jeremy Swayman without a rebound.
9:20 of 3rd period - Drake Caggiula wins face-off versus Evan Rodrigues in Penguins zone.
9:25 of 3rd period - Wrist shot by Joseph Blandisi.
9:25 of 3rd period - Shot Blocked by Brett Kulak.
10:36 of 3rd period - Penalty to Gavin Bayreuther is over, Gavin Bayreuther is back on ice.
10:42 of 3rd period - Penalty to Zach Aston-Reese is over, Zach Aston-Reese is back on ice.
10:56 of 3rd period - Wrist shot by Michael Dal Colle.
10:56 of 3rd period - Goal by Michael Dal Colle - Eagles : 5 - Penguins : 2.
10:57 of 3rd period - Drake Caggiula wins face-off versus Evan Rodrigues in neutral zone.
11:30 of 3rd period - Snap shot by Denis Malgin.
11:30 of 3rd period - Shot Misses the Net.
11:52 of 3rd period - Wrist shot by Drake Caggiula.
11:52 of 3rd period - Goal by Drake Caggiula - Eagles : 6 - Penguins : 2.
11:53 of 3rd period - Anthony Duclair wins face-off versus Mathew Barzal in neutral zone.
12:03 of 3rd period - Minor Penalty to Mathew Barzal for Hooking.
12:04 of 3rd period - Evan Rodrigues wins face-off versus Joseph Blandisi in Penguins zone.
12:14 of 3rd period - Snap shot by Joseph Blandisi.
12:14 of 3rd period - Shot Misses the Net.
12:16 of 3rd period - Snap shot by Ryan Murphy.
12:16 of 3rd period - Stopped by Jeremy Swayman with a rebound.
12:18 of 3rd period - Wrist shot by Joseph Blandisi.
12:18 of 3rd period - Shot Misses the Net.
12:20 of 3rd period - Backhand shot by Matteson Iacopelli.
12:20 of 3rd period - Shot Misses the Net.
12:50 of 3rd period - Eetu Luostarinen is hit by Drake Caggiula.
14:03 of 3rd period - Penalty to Mathew Barzal is over, Mathew Barzal is back on ice.
14:33 of 3rd period - Minor Penalty to Sampo Ranta for High sticking.
14:34 of 3rd period - Evan Rodrigues wins face-off versus Zach Aston-Reese in Penguins zone.
15:16 of 3rd period - Minor Penalty to Jack Dougherty for Tripping.
15:17 of 3rd period - Evan Rodrigues wins face-off versus Drake Caggiula in Eagles zone.
15:25 of 3rd period - Snap shot by Joseph Blandisi.
15:25 of 3rd period - Shot Blocked by John Marino.
15:27 of 3rd period - Wrist shot by Drake Caggiula.
15:27 of 3rd period - Stopped by Jeremy Swayman without a rebound.
15:28 of 3rd period - Evan Rodrigues wins face-off versus Drake Caggiula in Penguins zone.
16:14 of 3rd period - Slapshot by John Marino.
16:14 of 3rd period - Shot Misses the Net.
16:18 of 3rd period - Snap shot by Eetu Luostarinen.
16:18 of 3rd period - Goal by Eetu Luostarinen - Eagles : 6 - Penguins : 3.
16:19 of 3rd period - Drake Caggiula wins face-off versus Evan Rodrigues in neutral zone.
16:33 of 3rd period - Penalty to Sampo Ranta is over, Sampo Ranta is back on ice.
17:16 of 3rd period - Penalty to Jack Dougherty is over, Jack Dougherty is back on ice.
17:40 of 3rd period - Iven Barbashev is hit by Tyler Motte.
17:44 of 3rd period - Wrist shot by Tyler Motte.
17:44 of 3rd period - Shot Blocked by Jesper Boqvist.
18:15 of 3rd period - Snap shot by Jared McCann.
18:15 of 3rd period - Deflect By Chris Calhan.
18:15 of 3rd period - Shot Misses the Net.
18:15 of 3rd period - Puck is out of play.
18:16 of 3rd period - Zach Aston-Reese wins face-off versus Adam Brooks in Penguins zone.
18:19 of 3rd period - Snap shot by Zach Aston-Reese.
18:19 of 3rd period - Stopped by Jeremy Swayman with a rebound.
19:08 of 3rd period - Joseph Blandisi is hit by Eetu Luostarinen and loses puck.
19:21 of 3rd period - Slapshot by Gavin Bayreuther.
19:21 of 3rd period - Shot Blocked by Mattias Samuelsson.
19:23 of 3rd period - Snap shot by Brett Kulak.
19:23 of 3rd period - Shot Blocked by Mark Friedman.
19:27 of 3rd period - Snap shot by Denis Malgin.
19:27 of 3rd period - Shot Misses the Net.
19:37 of 3rd period - Minor Penalty to Zach Aston-Reese for Hooking.
19:38 of 3rd period - Drake Caggiula wins face-off versus Evan Rodrigues in Eagles zone.
19:49 of 3rd period - Slapshot by Gavin Bayreuther.
19:49 of 3rd period - Stopped by Adin Hill with a rebound.
Goals for this period are 3 for Eagles vs 2 for Penguins.
Shots for this period are 9 for Eagles vs 5 for Penguins.